 Dungeon Crawl Stone Soup version 0.29.0-4-gdea44cf6ec (webtiles) character file.

Game seed: 10009291963806955472

2 qw the Sneak (level 1, 0/14 HPs)
             Began as a Gargoyle Delver on Sept 10, 2022.
             Slain by a necrophage (1 damage)
             ... on level 5 of the Dungeon.
             The game lasted 00:00:02 (25 turns).

qw the Sneak (Gargoyle Delver)                        Turns: 25, Time: 00:00:02

Health: 0/14       AC:  5    Str: 15    XL:     1   Next: 30%
Magic:  1/1        EV: 11    Int: 10    God:
Gold:   0          SH:  0    Dex: 11    Spells: 0/0 levels left

rFire   . . .      SeeInvis .   a - +0 hand axe
rCold   . . .      Faith    .   (no shield)
rNeg    + . .      Spirit   .   b - +0 leather armour
rPois   inf        Reflect  .   (no helmet)
rElec   +          Harm     .   (no cloak)
rCorr   .          Rampage  .   (no gloves)
Will    .....                   (no boots)
Stlth   +++.......              (no amulet)
HPRegen 0.04/turn               (no ring)
MPRegen 0.07/turn               (no ring)

@: no status effects
A: sickness immunity, AC +2, negative energy resistance 1, electricity
resistance, torment resistance 1, petrification resistance
a: no special abilities


You were on level 5 of the Dungeon.
You visited 1 branch of the dungeon, and saw 1 of its levels.


Innate Abilities, Weirdness & Mutations

You are immune to sickness and miasma.
Your stone body is resilient. (AC +2)
You are immune to poison.
You resist negative energy. (rN+)
You are resistant to electric shocks. (rElec)
You are resistant to unholy torment.
You are immune to petrification.


   Skills:
 - Level 3.2 Fighting
 + Level 2.0 Axes
 - Level 1.5 Dodging
 - Level 5.4 Stealth


You couldn't memorise any spells.
You didn't know any spells.
Your spell library was empty.

Inventory:

Hand Weapons
 a - a +0 hand axe (weapon)
Armour
 b - a +0 leather armour (worn)
Wands
 g - a wand of digging (3)
Potions
 f - a potion of haste

Dungeon Overview and Level Annotations

Branches:
Dungeon (5/15)
 Temple: D:4-7

Altars:


Message History

You closely miss the scorpion.
The scorpion stings you but does no damage.
The orc barely misses you.
You hit the orc.
You kill the orc!
You barely miss the scorpion. The scorpion barely misses you.
The scorpion stings you.
Your Axes skill increases to level 2!
You closely miss the scorpion. The scorpion closely misses you.
You hit the scorpion.
The scorpion is moderately wounded.
The scorpion stings you. The scorpion completely misses you.
A necrophage comes into view.
You hit the scorpion but do no damage.
The scorpion is moderately wounded.
You barely miss the necrophage. The scorpion closely misses you.
The necrophage closely misses you.
You hit the scorpion.
The scorpion is heavily wounded.
You hit the necrophage. The scorpion barely misses you.
The necrophage closely misses you. The scorpion closely misses you.
You closely miss the scorpion.
The scorpion is heavily wounded.
You barely miss the necrophage. The necrophage misses you.
The scorpion stings you but does no damage.
You barely miss the scorpion.
The scorpion is heavily wounded.
You barely miss the necrophage. You closely miss the necrophage.
The scorpion closely misses you.
The necrophage hits you but does no damage.
The necrophage hits you.
You barely miss the scorpion.
The scorpion is heavily wounded.
You hit the necrophage.
You hit the necrophage but do no damage.
The scorpion barely misses you. The necrophage hits you. x2
You die...

....#.........#
....#.........##
.......?.......#
...#..........#
............#
#....>...#
####........#
#......s....#
#...#..n@...#
#.<.#..n....#
.....###..####
....... #..#
#.##... #..# #
.... ...# #....
.#.. .###.#


You could see 2 necrophages and a scorpion.

Vanquished Creatures
  An orc (D:5)
1 creature vanquished.

Notes
Turn   | Place    | Note
-------+----------+-------------------------------------------
     0 | D:5      | qw the Gargoyle Delver began the quest for the Orb.
     0 | D:5      | Reached XP level 1. HP: 14/14 MP: 1/1
     0 | D:5      | 0 ||| qw: Version: 0.1-a-116-g5d60599
     0 | D:5      | 0 ||| qw: Game counter: 8902
     0 | D:5      | 0 ||| qw: Always use a shield: true
     0 | D:5      | 0 ||| qw: God list: Okawaru
     0 | D:5      | 0 ||| qw: Allow faded altars: false
     0 | D:5      | 0 ||| qw: Do Orc after D:15 true
     0 | D:5      | 0 ||| qw: Do second Lair branch before Depths: true
     0 | D:5      | 0 ||| qw: Lair rune preference: random
     0 | D:5      | 0 ||| qw: Plans: Normal
     0 | D:5      | 0 ||| PLANNING D:1-11
     0 | D:5      | 0 ||| DROPPING scroll of fog.
     1 | D:5      | 1 ||| DROPPING scroll of magic mapping.
     2 | D:5      | 2 ||| DROPPING scroll of fear.
     6 | D:5      | Noticed a scorpion
     7 | D:5      | Noticed a necrophage
     8 | D:5      | 8 ||| Stepping ~*~*~tactically~*~*~ (stealth).
    10 | D:5      | 10 ||| Stepping ~*~*~tactically~*~*~ (stealth).
    12 | D:5      | 12 ||| Stepping ~*~*~tactically~*~*~ (stealth).
    13 | D:5      | 13 ||| Stepping ~*~*~tactically~*~*~ (stealth).
    14 | D:5      | 14 ||| Stepping ~*~*~tactically~*~*~ (stealth).
    15 | D:5      | 15 ||| Stepping ~*~*~tactically~*~*~ (stealth).
    20 | D:5      | Noticed a necrophage
    25 | D:5      | HP: 1/14 [necrophage (5)]
    25 | D:5      | Slain by a necrophage

Levels and vault maps discovered:
D:5:      layout_rooms, uniq_blork_the_orc, uniq_ijyb

Skill      XL: |  1 |
---------------+----+-----
Axes           | 2 |  2.0
Fighting       | |  3.2
Dodging        | |  1.5
Stealth        | |  5.4

Action                   || total
-------------------------++-------
Melee: Hand axe          ||    10
Armor: Leather armour    ||     3
Dodge: Dodged            ||    14

Table legend:
 A = Non-vault XP
 B = Vault XP
 C = Vault XP percentage of total XP
 D = Non-vault monster count
 E = Vault monster count
 F = Vault count percentage of total count
                 A         B        C        D         E       F
            +---------+---------+-------+---------+---------+-------
      Total |       3 |       0 |   0.0 |       1 |       0 |   0.0
            +---------+---------+-------+---------+---------+-------
        D:5 |       3 |       0 |   0.0 |       1 |       0 |   0.0
            +---------+---------+-------+---------+---------+-------
